[Event "VI Sunway Sitges Open 2019"]
[Site "Sitges"]
[Date "2019.12.20"]
[Round "8.23"]
[White "Karthik Venkataraman"]
[Black "Harutyunian, Tigran K."]
[Result "1/2-1/2"]
[ECO "C65"]
[WhiteElo "2470"]
[BlackElo "2540"]
[Annotator "ChessBase"]
[PlyCount "102"]
[EventDate "2019.12.13"]
[EventType "swiss"]
[EventCountry "ESP"]
[SourceTitle "playchess.com"]
[Source "ChessBase"]
[SourceQuality "1"]
[TimeControl "40/5400+30:1800+30"]

1. e4 e5 2. Nf3 Nc6 3. Bb5 Nf6 4. d3 Bc5 5. Bxc6 dxc6 6. Nbd2 O-O 7. Qe2 Re8 8. Nc4 Nd7 9. Bd2 Nb6 10. Ne3 a5 11. a4 Bd4 12. Nxd4 exd4 13. Nf1 c5 14. Ng3 Nd5 15. O-O Nb4 16. Bxb4 cxb4 17. b3 Ra6 18. f4 f5 19. Qf3 Rc6 20. Rf2 fxe4 21. Nxe4 Rf8 22. Re1 h6 23. Ng3 Rcf6 24. Re5 b6 25. Qe4 R6f7 26. f5 Qg5 27. Rf4 Qd8 28. Rd5 Rd7 29. Qe6+ Kh8 30. Rxd7 Bxd7 31. Qe5 c5 32. Ne4 Qe8 33. Qxe8 Bxe8 34. g4 Bc6 35. h4 Bd7 36. Ng3 g6 37. Rf2 h5 38. gxh5 gxf5 39. Ne2 Bc6 40. Kh2 Kh7 41. Rf1 Re8 42. Ng3 Bd7 43. Kg2 Re3 44. Rf4 Re5 45. Kf2 Kh6 46. Rf3 Bc8 47. Rf4 Bd7 48. Rf3 Be6 49. Kf1 Bd7 50. Rf2 Bc8 51. Rf3 Bd7 1/2-1/2

[Event "VI Sunway Sitges Open 2019"]
[Site "Sitges"]
[Date "2019.12.20"]
[Round "8.24"]
[White "Parvanyan, Ashot"]
[Black "Narayanan, Srinath"]
[Result "1/2-1/2"]
[ECO "A33"]
[WhiteElo "2456"]
[BlackElo "2529"]
[Annotator "ChessBase"]
[PlyCount "59"]
[EventDate "2019.12.13"]
[EventType "swiss"]
[EventCountry "ESP"]
[SourceTitle "playchess.com"]
[Source "ChessBase"]
[SourceQuality "1"]
[TimeControl "40/5400+30:1800+30"]

1. Nf3 c5 2. c4 Nc6 3. d4 cxd4 4. Nxd4 Nf6 5. Nc3 e6 6. g3 Qb6 7. Ndb5 d5 8. Bg2 d4 9. Na4 Qa5+ 10. Bd2 Qd8 11. e3 d3 12. O-O Be7 13. Nd4 Nxd4 14. exd4 Qxd4 15. Qb3 O-O 16. Rad1 Bd7 17. Be3 Qe5 18. Rxd3 Bc6 19. Bxc6 bxc6 20. Qb7 Qf5 21. Rdd1 Rfe8 22. f3 c5 23. b3 h5 24. Rd2 Bf8 25. Qc7 e5 26. Nc3 Rac8 27. Qb7 Rb8 28. Qc7 Rbc8 29. Qb7 Rb8 30. Qc7 1/2-1/2

[Event "VI Sunway Sitges Open 2019"]
[Site "Sitges"]
[Date "2019.12.20"]
[Round "8.25"]
[White "Krysa, Leandro"]
[Black "Sekar, B."]
[Result "1/2-1/2"]
[ECO "D32"]
[WhiteElo "2527"]
[BlackElo "2176"]
[Annotator "ChessBase"]
[PlyCount "131"]
[EventDate "2019.12.13"]
[EventType "swiss"]
[EventCountry "ESP"]
[SourceTitle "playchess.com"]
[Source "ChessBase"]
[SourceQuality "1"]
[TimeControl "40/5400+30:1800+30"]

1. Nf3 Nf6 2. c4 e6 3. Nc3 d5 4. e3 Bd6 5. b3 c5 6. Bb2 Nc6 7. cxd5 exd5 8. d4 O-O 9. Be2 Re8 10. O-O cxd4 11. Nxd4 Nxd4 12. Qxd4 Be5 13. Qd2 Bg4 14. Bb5 Bd7 15. Bxd7 Qxd7 16. Rad1 Rac8 17. Na4 Qd6 18. Bxe5 Qxe5 19. h3 b5 20. Nb2 Ne4 21. Qd4 Qxd4 22. Rxd4 Rc2 23. Nd3 Nc3 24. Nf4 g5 25. Nxd5 Ne2+ 26. Kh2 Nxd4 27. Nf6+ Kf8 28. Nxe8 Kxe8 29. exd4 Rxa2 30. Kg3 Ke7 31. Kg4 Kf6 32. d5 Rd2 33. g3 Rxd5 34. Ra1 Kg6 35. Ra6+ f6 36. Rxa7 Rd3 37. h4 h5+ 38. Kh3 g4+ 39. Kg2 Rxb3 40. Rd7 Rf3 41. Rb7 Rf5 42. f3 gxf3+ 43. Kf2 Rc5 44. Kxf3 Kf5 45. Rb8 Rc3+ 46. Kg2 Rb3 47. Rh8 Kg6 48. Rg8+ Kh7 49. Rb8 Rb2+ 50. Kf3 b4 51. Rb5 Kg6 52. Ke3 b3 53. Kf3 Rb1 54. Kg2 Rb2+ 55. Kf3 Rb1 56. Kg2 Kh6 57. Kf2 Kg7 58. Kg2 Kg6 59. Kh2 f5 60. Kg2 Kf6 61. Kh2 Ke6 62. Rxf5 Kd6 63. Rf8 Kc6 64. Kg2 Rd1 65. Rb8 Rd3 66. Kh2 1/2-1/2

[Event "VI Sunway Sitges Open 2019"]
[Site "Sitges"]
[Date "2019.12.20"]
[Round "8.26"]
[White "Moradiabadi, Elshan"]
[Black "Kacharava, Nikolozi"]
[Result "1-0"]
[ECO "C42"]
[WhiteElo "2539"]
[BlackElo "2416"]
[Annotator "ChessBase"]
[PlyCount "115"]
[EventDate "2019.12.13"]
[EventType "swiss"]
[EventCountry "ESP"]
[SourceTitle "playchess.com"]
[Source "ChessBase"]
[SourceQuality "1"]
[TimeControl "40/5400+30:1800+30"]

1. e4 e5 2. Nf3 Nf6 3. Nxe5 d6 4. Nc4 Nxe4 5. Qe2 Qe7 6. Ne3 c6 7. b3 Qf6 8. c3 Be7 9. d4 d5 10. Qc2 Qg6 11. Bd3 f5 12. O-O f4 13. f3 fxe3 14. fxe4 Qh6 15. exd5 cxd5 16. Qe2 Bg5 17. Na3 Nc6 18. Nc2 Be6 19. Bxe3 Bxe3+ 20. Qxe3 Qxe3+ 21. Nxe3 Kd7 22. Rae1 g6 23. Kf2 Rhf8+ 24. Ke2 Rxf1 25. Rxf1 a6 26. Kd2 b5 27. b4 Ne7 28. a4 bxa4 29. Ra1 Kc7 30. Rxa4 Kb6 31. Ra5 Kb7 32. Be4 Rd8 33. Bf3 Kb6 34. h4 h6 35. Ra1 Nc6 36. Be2 Nb8 37. Bd3 g5 38. hxg5 hxg5 39. Rh1 Nc6 40. Rh6 Re8 41. Rg6 g4 42. Nf5 Bd7 43. Ne3 Be6 44. Nxg4 Bxg4 45. Rxg4 a5 46. bxa5+ Nxa5 47. Rg6+ Kc7 48. g4 Rh8 49. Rg7+ Kd6 50. Rg6+ Kc7 51. Rf6 Rh3 52. Be2 Rg3 53. Bf3 Rg1 54. Bxd5 Rxg4 55. Ra6 Nb7 56. Ra7 Kd6 57. Bxb7 Rg7 58. Ra6+ {[%emt 0:00:00] Kd5} 1-0

[Event "VI Sunway Sitges Open 2019"]
[Site "Sitges"]
[Date "2019.12.20"]
[Round "8.30"]
[White "Shubin, Kirill"]
[Black "Dragnev, Valentin"]
[Result "1/2-1/2"]
[ECO "B13"]
[WhiteElo "2430"]
[BlackElo "2553"]
[Annotator "ChessBase"]
[PlyCount "74"]
[EventDate "2019.12.13"]
[EventType "swiss"]
[EventCountry "ESP"]
[SourceTitle "playchess.com"]
[Source "ChessBase"]
[SourceQuality "1"]
[TimeControl "40/5400+30:1800+30"]

1. e4 c6 2. d4 d5 3. exd5 cxd5 4. Bd3 Nc6 5. c3 Qc7 6. Ne2 Bg4 7. O-O Nf6 8. Qe1 Qc8 9. Na3 Bf5 10. Nf4 Bxd3 11. Nxd3 e6 12. Nc2 Bd6 13. Bf4 Bxf4 14. Nxf4 O-O 15. Qe2 Qc7 16. Nd3 Nd7 17. Rfe1 Rae8 18. Ne3 Na5 19. a4 Rc8 20. Ng4 Rfe8 21. h4 Nc4 22. g3 a5 23. Qc2 Qb6 24. Re2 h5 25. Nge5 Ncxe5 26. Nxe5 Nxe5 27. Rxe5 Qxd4 28. Rxh5 Qf6 29. Qd3 g6 30. Rg5 Rc4 31. Re1 Rec8 32. f4 Kf8 33. h5 gxh5 34. Rxh5 b6 35. f5 R8c6 36. fxe6 Rxe6 37. Rf1 Qg6 1/2-1/2

[Event "VI Sunway Sitges Open 2019"]
[Site "Sitges"]
[Date "2019.12.20"]
[Round "8.31"]
[White "Raja Harshit"]
[Black "Harsha Bharathakoti"]
[Result "1-0"]
[ECO "B62"]
[WhiteElo "2447"]
[BlackElo "2523"]
[Annotator "ChessBase"]
[PlyCount "83"]
[EventDate "2019.12.13"]
[EventType "swiss"]
[EventCountry "ESP"]
[SourceTitle "playchess.com"]
[Source "ChessBase"]
[SourceQuality "1"]
[TimeControl "40/5400+30:1800+30"]

1. e4 c5 2. Nf3 d6 3. d4 cxd4 4. Nxd4 Nf6 5. Nc3 Nc6 6. Bg5 e6 7. Qd3 Bd7 8. O-O-O a6 9. f4 Be7 10. Qg3 Nxd4 11. Rxd4 Qb6 12. Qd3 h6 13. Bh4 Bc6 14. Be2 Rd8 15. Bf2 O-O 16. Bf3 Qa5 17. Be1 Qc7 18. Bg3 b5 19. Rd1 Nd7 20. Qe2 Nb6 21. Kb1 Nc4 22. f5 Bf6 23. Rxc4 bxc4 24. Qxc4 Qb7 25. fxe6 fxe6 26. Rxd6 Bxc3 27. Qxc3 Bxe4 28. Qd4 Rxd6 29. Bxd6 Rf5 30. b4 Bxf3 31. gxf3 Qxf3 32. Kb2 Rd5 33. Qb6 Rd2 34. Qxa6 Qe4 35. Qc8+ Kh7 36. Be7 e5 37. a4 Rd1 38. Qc3 Rf1 39. Qd3 Qxd3 40. cxd3 Kg6 41. a5 Kf7 42. Bc5 1-0

[Event "VI Sunway Sitges Open 2019"]
[Site "Sitges"]
[Date "2019.12.20"]
[Round "8.32"]
[White "Kelires, Andreas"]
[Black "Valenzuela Gomez, Fernando"]
[Result "1-0"]
[ECO "D03"]
[WhiteElo "2510"]
[BlackElo "2373"]
[Annotator "ChessBase"]
[PlyCount "81"]
[EventDate "2019.12.13"]
[EventType "swiss"]
[EventCountry "ESP"]
[SourceTitle "playchess.com"]
[Source "ChessBase"]
[SourceQuality "1"]
[TimeControl "40/5400+30:1800+30"]

1. d4 Nf6 2. Nf3 g6 3. Bg5 Bg7 4. Nbd2 d5 5. e3 O-O 6. Be2 Nbd7 7. O-O b6 8. a4 a5 9. c4 Bb7 10. cxd5 Nxd5 11. Nc4 Qe8 12. Rc1 Rc8 13. Re1 Nb4 14. Bf1 c5 15. Bh4 Be4 16. Nfd2 Ba8 17. Nb1 Qd8 18. dxc5 Rxc5 19. Nc3 Bd5 20. Na3 h6 21. e4 Be6 22. f3 g5 23. Bf2 Rc8 24. Bb5 Nc5 25. Qe2 Qc7 26. Rcd1 Be5 27. g3 Bb3 28. Rd2 Rfd8 29. Nd5 Nxd5 30. exd5 Bf6 31. Nc4 Nxa4 32. Ne3 Nc5 33. Nf5 Bxd5 34. Nxh6+ Kf8 35. Ng4 Qb7 36. Ne5 Bxe5 37. Qxe5 f6 38. Qf5 Bf7 39. Rde2 Rc7 40. Qh7 e5 41. Qh6+ 1-0

[Event "VI Sunway Sitges Open 2019"]
[Site "Sitges"]
[Date "2019.12.20"]
[Round "8.33"]
[White "Lobanov, Sergei"]
[Black "Zadruzny, Nicolaj"]
[Result "1-0"]
[ECO "C50"]
[WhiteElo "2504"]
[BlackElo "2308"]
[Annotator "ChessBase"]
[PlyCount "73"]
[EventDate "2019.12.13"]
[EventType "swiss"]
[EventCountry "ESP"]
[SourceTitle "playchess.com"]
[Source "ChessBase"]
[SourceQuality "1"]
[TimeControl "40/5400+30:1800+30"]

1. e4 e5 2. Nf3 Nc6 3. Bc4 Nf6 4. d3 Bc5 5. O-O a6 6. a4 d6 7. c3 Ba7 8. a5 h6 9. Re1 O-O 10. h3 Re8 11. Qb3 Qe7 12. Be3 Bxe3 13. Rxe3 Nd8 14. d4 c5 15. dxe5 dxe5 16. Nbd2 Nc6 17. Qa3 Na7 18. Nb3 Nd7 19. Rd1 Nb5 20. Qa2 Nd6 21. Bd5 Rb8 22. Re2 Kh8 23. Nfd2 Rd8 24. Nc4 Ne8 25. Red2 Nc7 26. Ne3 g6 27. Bc4 Re8 28. Qa3 Kg7 29. Rd6 b5 30. axb6 Nxb6 31. Na5 Nxc4 32. Nexc4 Nb5 33. Qxc5 Nxd6 34. Nxd6 Rxb2 35. Nc6 Qf8 36. Nxe8+ Qxe8 37. Rd8 1-0

[Event "VI Sunway Sitges Open 2019"]
[Site "Sitges"]
[Date "2019.12.20"]
[Round "8.35"]
[White "Garriga Cazorla, Pere"]
[Black "Fecker, Noah"]
[Result "1-0"]
[ECO "D90"]
[WhiteElo "2484"]
[BlackElo "2277"]
[Annotator "ChessBase"]
[PlyCount "79"]
[EventDate "2019.12.13"]
[EventType "swiss"]
[EventCountry "ESP"]
[SourceTitle "playchess.com"]
[Source "ChessBase"]
[SourceQuality "1"]
[TimeControl "40/5400+30:1800+30"]

1. d4 Nf6 2. c4 g6 3. Nc3 d5 4. Nf3 Bg7 5. h4 O-O 6. cxd5 Nxd5 7. h5 c5 8. hxg6 hxg6 9. Bh6 Bxh6 10. Rxh6 Nxc3 11. bxc3 cxd4 12. Qd2 Kg7 13. Rh4 Rh8 14. Rxh8 Qxh8 15. cxd4 Nd7 16. e4 Nf6 17. Qf4 Qh5 18. Ng5 Qg4 19. Qxg4 Bxg4 20. f3 Bd7 21. Rb1 b6 22. Bc4 Rc8 23. Bb3 e6 24. Kd2 Nh7 25. Nh3 g5 26. Nf2 Nf8 27. e5 Rd8 28. Rc1 Ng6 29. Ne4 Nh4 30. Rc7 Nf5 31. d5 exd5 32. Nxg5 Kg6 33. f4 Nh4 34. g3 Nf5 35. Bc2 f6 36. Nf3 Kh6 37. Rxd7 Rxd7 38. Bxf5 Rf7 39. e6 Re7 40. Nd4 1-0

[Event "VI Sunway Sitges Open 2019"]
[Site "Sitges"]
[Date "2019.12.20"]
[Round "8.36"]
[White "Pogonina, Natalija"]
[Black "Milikow, Elie"]
[Result "1-0"]
[ECO "E61"]
[WhiteElo "2479"]
[BlackElo "2035"]
[Annotator "ChessBase"]
[PlyCount "98"]
[EventDate "2019.12.13"]
[EventType "swiss"]
[EventCountry "ESP"]
[SourceTitle "playchess.com"]
[Source "ChessBase"]
[SourceQuality "1"]
[TimeControl "40/5400+30:1800+30"]

1. d4 Nf6 2. c4 g6 3. Nc3 Bg7 4. Nf3 O-O 5. Bg5 h6 6. Bh4 g5 7. Bg3 Nh5 8. e3 Nxg3 9. hxg3 d6 10. Qc2 e6 11. Bd3 Nc6 12. a3 f5 13. d5 Ne5 14. Nxe5 dxe5 15. e4 f4 16. O-O-O fxg3 17. fxg3 Qe7 18. Kb1 Bd7 19. Be2 Rf2 20. Qd3 Raf8 21. Qe3 b6 22. d6 cxd6 23. Bf3 R2xf3 24. gxf3 Rf7 25. Rhf1 Bc6 26. Rf2 Qf8 27. Qd3 Rd7 28. Rfd2 Qf6 29. Qe3 Bf8 30. Rd3 Rf7 31. g4 Qg6 32. Ka1 Be7 33. a4 Bf8 34. Nb5 Bxb5 35. cxb5 Qf6 36. Rc1 Kg7 37. Rc6 Kg8 38. Rdc3 Qg7 39. Qd3 Rd7 40. Qc2 Qf7 41. Rc7 Rxc7 42. Rxc7 Qxf3 43. Rxa7 h5 44. Qc7 Be7 45. Qxe7 Qf1+ 46. Ka2 Qc4+ 47. Ka3 Qc5+ 48. Kb3 Qe3+ 49. Ka2 Qf3 1-0

[Event "VI Sunway Sitges Open 2019"]
[Site "Sitges"]
[Date "2019.12.20"]
[Round "8.37"]
[White "Bryakin, Mikhail"]
[Black "Kulaots, Kaido"]
[Result "1/2-1/2"]
[ECO "A15"]
[WhiteElo "2428"]
[BlackElo "2538"]
[Annotator "ChessBase"]
[PlyCount "81"]
[EventDate "2019.12.13"]
[EventType "swiss"]
[EventCountry "ESP"]
[SourceTitle "playchess.com"]
[Source "ChessBase"]
[SourceQuality "1"]
[TimeControl "40/5400+30:1800+30"]

1. Nf3 Nf6 2. c4 b6 3. g3 Bb7 4. Bg2 g6 5. b3 Bg7 6. Bb2 O-O 7. O-O e6 8. e3 d5 9. cxd5 exd5 10. Nc3 Nbd7 11. d4 Qe7 12. Qe2 Ne4 13. Rac1 c6 14. Nxe4 dxe4 15. Nd2 c5 16. Ba3 Rfd8 17. Rfd1 Rac8 18. dxc5 Nxc5 19. Bxc5 bxc5 20. Nc4 h5 21. Rxd8+ Rxd8 22. Rd1 Rd5 23. h4 Qd7 24. Rxd5 Bxd5 25. Bf1 Be6 26. Qc2 Bd5 27. Nd2 Qe7 28. Bg2 f5 29. Bf1 Kh7 30. Bc4 Bb7 31. Be2 Bf6 32. Nc4 Qd8 33. Kf1 Bc6 34. Ke1 Kg7 35. Qc1 Bd5 36. Qd2 Bxc4 37. Bxc4 Qxd2+ 38. Kxd2 Be5 39. Ke2 Bb2 40. Kd2 Be5 41. Ke2 1/2-1/2

[Event "VI Sunway Sitges Open 2019"]
[Site "Sitges"]
[Date "2019.12.20"]
[Round "8.39"]
[White "Stefansson, Hannes"]
[Black "Vaishali R"]
[Result "1/2-1/2"]
[ECO "B66"]
[WhiteElo "2538"]
[BlackElo "2376"]
[Annotator "ChessBase"]
[PlyCount "105"]
[EventDate "2019.12.13"]
[EventType "swiss"]
[EventCountry "ESP"]
[SourceTitle "playchess.com"]
[Source "ChessBase"]
[SourceQuality "1"]
[TimeControl "40/5400+30:1800+30"]

1. e4 c5 2. Nf3 Nc6 3. d4 cxd4 4. Nxd4 Nf6 5. Nc3 d6 6. Bg5 e6 7. Qd2 a6 8. O-O-O Be7 9. Bxf6 gxf6 10. f4 Nxd4 11. Qxd4 Qa5 12. Kb1 Qc5 13. Qd2 Bd7 14. Bd3 O-O-O 15. f5 h5 16. Ne2 Bf8 17. Rhf1 Bh6 18. Qe1 Qe5 19. g3 Bc6 20. Qf2 Bg7 21. Nf4 exf5 22. exf5 Bh6 23. Rde1 Qc5 24. Qxc5 dxc5 25. Re7 h4 26. Rxf7 hxg3 27. hxg3 Bxf4 28. gxf4 Bd5 29. Rxf6 c4 30. Be2 Rh2 31. Bg4 Be4 32. Re6 Bxc2+ 33. Ka1 Bd3 34. Rg1 c3 35. bxc3 Bc4 36. Re4 Rxa2+ 37. Kb1 Ra4 38. f6+ Kb8 39. Re7 Bd3+ 40. Kb2 Rxf4 41. f7 Bc4 42. Bh5 Rf2+ 43. Kc1 Rd5 44. Bg6 Rd8 45. Rd1 Rxd1+ 46. Kxd1 Ka7 47. Ke1 Rf1+ 48. Kd2 a5 49. Rc7 Be6 50. Ke2 Rf6 51. Kd3 Bf5+ 52. Bxf5 Rxf5 53. Rc5 1/2-1/2

[Event "VI Sunway Sitges Open 2019"]
[Site "Sitges"]
[Date "2019.12.20"]
[Round "8.40"]
[White "Narciso Dublan, Marc"]
[Black "Sarkar, Justin"]
[Result "0-1"]
[ECO "C77"]
[WhiteElo "2516"]
[BlackElo "2360"]
[Annotator "ChessBase"]
[PlyCount "114"]
[EventDate "2019.12.13"]
[EventType "swiss"]
[EventCountry "ESP"]
[SourceTitle "playchess.com"]
[Source "ChessBase"]
[SourceQuality "1"]
[TimeControl "40/5400+30:1800+30"]

1. e4 e5 2. Nf3 Nc6 3. Bb5 a6 4. Ba4 Nf6 5. Qe2 b5 6. Bb3 Bc5 7. d3 h6 8. Nbd2 O-O 9. Nf1 d5 10. c3 d4 11. Ng3 Qd6 12. O-O Be6 13. Nh4 Bxb3 14. axb3 dxc3 15. bxc3 b4 16. Ngf5 Qe6 17. cxb4 Nxb4 18. Ba3 Rfd8 19. Rfc1 Bf8 20. Bxb4 Bxb4 21. Qe3 Bf8 22. Rc3 Rd7 23. Rac1 Rad8 24. h3 c5 25. g4 Kh7 26. Nf3 Ne8 27. Ne1 g6 28. Nh4 Nc7 29. Nhf3 Nb5 30. Rc4 Be7 31. Kh2 Nd4 32. Nxd4 exd4 33. Qf3 Rb8 34. Rb1 Rdb7 35. Qd1 f5 36. exf5 Bd6+ 37. Kg1 gxf5 38. Ng2 fxg4 39. hxg4 Rg7 40. f3 Qe5 41. f4 Qe6 42. g5 Bxf4 43. Qf3 Bxg5 44. Rxc5 Be3+ 45. Kh1 Rbg8 46. Nxe3 Rg3 47. Qxg3 Rxg3 48. Nf5 Rh3+ 49. Kg2 Rxd3 50. Rb2 Qe4+ 51. Kg1 Qg4+ 52. Rg2 Rd1+ 53. Kh2 Qf4+ 54. Rg3 h5 55. Ne3 Qh4+ 56. Kg2 Qh1+ 57. Kf2 Rd2# 0-1

[Event "VI Sunway Sitges Open 2019"]
[Site "Sitges"]
[Date "2019.12.20"]
[Round "8.41"]
[White "Raja Rithvik R"]
[Black "Barseghyan, Harutyun"]
[Result "1/2-1/2"]
[ECO "E35"]
[WhiteElo "2381"]
[BlackElo "2498"]
[Annotator "ChessBase"]
[PlyCount "62"]
[EventDate "2019.12.13"]
[EventType "swiss"]
[EventCountry "ESP"]
[SourceTitle "playchess.com"]
[Source "ChessBase"]
[SourceQuality "1"]
[TimeControl "40/5400+30:1800+30"]

1. d4 Nf6 2. c4 e6 3. Nc3 Bb4 4. Qc2 d5 5. cxd5 exd5 6. Bg5 h6 7. Bh4 Nc6 8. e3 g5 9. Bg3 h5 10. h3 Ne4 11. Bh2 Qe7 12. Bb5 Bf5 13. Qb3 O-O-O 14. Nge2 Na5 15. Qa4 a6 16. a3 Nxc3 17. Nxc3 Bxc3+ 18. bxc3 Nc4 19. Bxc4 dxc4 20. Qxc4 Be4 21. f3 Bd5 22. Qe2 g4 23. Bf4 gxf3 24. gxf3 Qe6 25. Kd2 Rhg8 26. Rag1 Bc4 27. Qf2 Qf5 28. Kc1 f6 29. h4 Qb5 30. Qb2 Qxb2+ 31. Kxb2 Be2 1/2-1/2

[Event "VI Sunway Sitges Open 2019"]
[Site "Sitges"]
[Date "2019.12.20"]
[Round "8.42"]
[White "Vega Gutierrez, Sabrina"]
[Black "Firat, Burak"]
[Result "1-0"]
[ECO "B90"]
[WhiteElo "2360"]
[BlackElo "2475"]
[Annotator "ChessBase"]
[PlyCount "77"]
[EventDate "2019.12.13"]
[EventType "swiss"]
[EventCountry "ESP"]
[SourceTitle "playchess.com"]
[Source "ChessBase"]
[SourceQuality "1"]
[TimeControl "40/5400+30:1800+30"]

1. e4 c5 2. Nf3 d6 3. d4 cxd4 4. Nxd4 Nf6 5. Nc3 a6 6. f3 e5 7. Nb3 Be6 8. Be3 h5 9. Qd2 Nbd7 10. Nd5 Bxd5 11. exd5 g6 12. O-O-O Nb6 13. Qa5 Bh6 14. Bxh6 Rxh6 15. Qd2 Rh8 16. f4 Kf8 17. fxe5 dxe5 18. d6 Kg7 19. Be2 Nbd7 20. Rhe1 Re8 21. Qb4 b5 22. h3 Rc8 23. a4 bxa4 24. Qxa4 Qb6 25. Kb1 Rc6 26. g4 Rec8 27. Rd2 hxg4 28. hxg4 Qe3 29. g5 Ne4 30. Rdd1 Rxc2 31. Bg4 Nc3+ 32. Ka1 Qg3 33. Qxd7 Nxd1 34. Be6 Qf3 35. Qe7 Rf8 36. d7 Nxb2 37. Qxf8+ Kxf8 38. d8=Q+ Kg7 39. Bd5 1-0

[Event "VI Sunway Sitges Open 2019"]
[Site "Sitges"]
[Date "2019.12.20"]
[Round "8.43"]
[White "Larino Nieto, David"]
[Black "Sankalp Gupta"]
[Result "1-0"]
[ECO "A06"]
[WhiteElo "2475"]
[BlackElo "2365"]
[Annotator "ChessBase"]
[PlyCount "71"]
[EventDate "2019.12.13"]
[EventType "swiss"]
[EventCountry "ESP"]
[SourceTitle "playchess.com"]
[Source "ChessBase"]
[SourceQuality "1"]
[TimeControl "40/5400+30:1800+30"]

1. Nf3 d5 2. b3 Bg4 3. h3 Bxf3 4. exf3 Nf6 5. Bb2 Nbd7 6. f4 e6 7. g3 g6 8. Bg2 Bg7 9. O-O O-O 10. c4 c6 11. d3 a5 12. Nd2 a4 13. Ba3 Re8 14. b4 e5 15. fxe5 Nxe5 16. Qc2 Qb6 17. Rfd1 Qd4 18. Nf3 Nxf3+ 19. Bxf3 Nh5 20. Kg2 Qe5 21. cxd5 cxd5 22. Rac1 Qg5 23. h4 Qf5 24. Qc7 Rab8 25. Qb6 Re6 26. Qb5 Rd8 27. d4 Bf8 28. Qxb7 Nxg3 29. Qc7 Rdd6 30. Kxg3 g5 31. h5 Rf6 32. Rc3 Rde6 33. b5 Bxa3 34. Rxa3 Re4 35. Kg2 Rf4 36. h6 1-0

[Event "VI Sunway Sitges Open 2019"]
[Site "Sitges"]
[Date "2019.12.20"]
[Round "8.44"]
[White "Alexiadis, Hristos"]
[Black "Diaz Camallonga, Carles"]
[Result "0-1"]
[ECO "C01"]
[WhiteElo "2346"]
[BlackElo "2468"]
[Annotator "ChessBase"]
[PlyCount "78"]
[EventDate "2019.12.13"]
[EventType "swiss"]
[EventCountry "ESP"]
[SourceTitle "playchess.com"]
[Source "ChessBase"]
[SourceQuality "1"]
[TimeControl "40/5400+30:1800+30"]

1. e4 e6 2. d4 d5 3. Nc3 Bb4 4. exd5 exd5 5. Bd3 Nc6 6. a3 Bxc3+ 7. bxc3 Nge7 8. Qf3 Be6 9. Ne2 Qd7 10. O-O h5 11. a4 O-O-O 12. Ba3 Ng6 13. Bxg6 fxg6 14. Nc1 Rde8 15. Nd3 Bg4 16. Qf4 Be2 17. Rfe1 Bxd3 18. cxd3 Qf5 19. Qxf5+ gxf5 20. f4 Kd7 21. Kf2 Rxe1 22. Rxe1 Re8 23. Rg1 Nd8 24. Kf3 Re6 25. Bf8 g6 26. h3 Ra6 27. Bg7 Ne6 28. Be5 Rxa4 29. g4 Ra3 30. gxh5 gxh5 31. Rg6 Rxc3 32. Rf6 b5 33. Rxf5 Rxd3+ 34. Kf2 b4 35. Rf7+ Ke8 36. Rh7 b3 37. Rh8+ Kf7 38. Rb8 Kg6 39. Rb5 a6 0-1

[Event "VI Sunway Sitges Open 2019"]
[Site "Sitges"]
[Date "2019.12.20"]
[Round "8.45"]
[White "Song, Raymond"]
[Black "Krastev, Alexander"]
[Result "1-0"]
[ECO "B27"]
[WhiteElo "2468"]
[BlackElo "2323"]
[Annotator "ChessBase"]
[PlyCount "67"]
[EventDate "2019.12.13"]
[EventType "swiss"]
[EventCountry "ESP"]
[SourceTitle "playchess.com"]
[Source "ChessBase"]
[SourceQuality "1"]
[TimeControl "40/5400+30:1800+30"]

1. Nf3 c5 2. e4 g6 3. Bc4 Bg7 4. O-O Nc6 5. c3 e6 6. d4 cxd4 7. Nxd4 a6 8. Nxc6 bxc6 9. Qd6 Qe7 10. Qg3 d5 11. exd5 cxd5 12. Bd3 Nf6 13. b3 Nh5 14. Qg4 f5 15. Qd1 Qc7 16. Ba3 Kf7 17. g3 Bb7 18. Nd2 d4 19. Nc4 Rhd8 20. Qe2 dxc3 21. Rae1 Qc6 22. f3 Rd5 23. Rd1 Rad8 24. Be4 fxe4 25. fxe4+ Kg8 26. exd5 exd5 27. Nd6 Rxd6 28. Bxd6 Qb6+ 29. Rf2 Nf6 30. Qe6+ Kh8 31. Re1 c2 32. Qe8+ Nxe8 33. Rxe8+ Bf8 34. Be5+ 1-0

[Event "VI Sunway Sitges Open 2019"]
[Site "Sitges"]
[Date "2019.12.20"]
[Round "8.46"]
[White "Davtyan, David Arm."]
[Black "Vogel, Roven"]
[Result "0-1"]
[ECO "A34"]
[WhiteElo "2327"]
[BlackElo "2457"]
[Annotator "ChessBase"]
[PlyCount "74"]
[EventDate "2019.12.13"]
[EventType "swiss"]
[EventCountry "ESP"]
[SourceTitle "playchess.com"]
[Source "ChessBase"]
[SourceQuality "1"]
[TimeControl "40/5400+30:1800+30"]

1. e4 g6 2. c4 Bg7 3. Nc3 c5 4. Nge2 Nc6 5. d3 d6 6. g3 h5 7. h3 Nf6 8. Bg2 Bd7 9. Be3 a6 10. Rc1 b5 11. O-O bxc4 12. dxc4 Qc8 13. Kh2 Ne5 14. Nd5 h4 15. Nxf6+ Bxf6 16. g4 g5 17. Qd2 Bxg4 18. hxg4 Nxg4+ 19. Kg1 h3 20. Bh1 h2+ 21. Kg2 Ne5 22. f3 Qh3+ 23. Kf2 g4 24. Ng3 Bh4 25. Bf4 gxf3 26. Qd5 Rd8 27. Rcd1 Ng6 28. Qf5 Qxf5 29. exf5 Nxf4 30. Kxf3 Bxg3 31. Kxg3 Ne2+ 32. Kg4 Kd7 33. b4 Rdg8+ 34. Kf3 Nc3 35. Rde1 cxb4 36. c5 dxc5 37. f6 exf6 0-1

[Event "VI Sunway Sitges Open 2019"]
[Site "Sitges"]
[Date "2019.12.20"]
[Round "8.47"]
[White "Haldorsen, Benjamin"]
[Black "O`Donnell, Conor"]
[Result "1-0"]
[ECO "C60"]
[WhiteElo "2455"]
[BlackElo "2312"]
[Annotator "ChessBase"]
[PlyCount "43"]
[EventDate "2019.12.13"]
[EventType "swiss"]
[EventCountry "ESP"]
[SourceTitle "playchess.com"]
[Source "ChessBase"]
[SourceQuality "1"]
[TimeControl "40/5400+30:1800+30"]

1. e4 e5 2. Nf3 Nc6 3. Bb5 g6 4. d4 exd4 5. c3 dxc3 6. Nxc3 h6 7. Bf4 Bg7 8. Qd2 a6 9. Ba4 Nge7 10. h4 d6 11. O-O-O Bg4 12. Nd5 Kf8 13. Kb1 Ne5 14. Bxe5 dxe5 15. Qb4 b5 16. Nb6 cxb6 17. Rxd8+ Rxd8 18. Rd1 Rxd1+ 19. Bxd1 Bf6 20. Nxe5 Bxd1 21. Nd7+ Kg7 22. Nxf6 1-0

[Event "VI Sunway Sitges Open 2019"]
[Site "Sitges"]
[Date "2019.12.20"]
[Round "8.48"]
[White "Esplugas Esteve, Vicenc"]
[Black "Zhukenov, Aituar"]
[Result "1/2-1/2"]
[ECO "D10"]
[WhiteElo "2366"]
[BlackElo "2127"]
[Annotator "NA RC"]
[PlyCount "97"]
[EventDate "2019.12.13"]
[EventType "swiss"]
[EventCountry "ESP"]
[SourceTitle "playchess.com"]
[Source "ChessBase"]
[SourceQuality "1"]
[TimeControl "40/5400+30:1800+30"]

1. d4 d5 2. c4 c6 3. Nc3 dxc4 4. e3 b5 5. a4 b4 6. Ne4 Nf6 7. Nxf6+ exf6 8. Bxc4 Bd6 9. Nf3 O-O 10. O-O Nd7 11. Qc2 c5 12. Rd1 Bb7 13. b3 Bxf3 14. gxf3 cxd4 15. f4 Bc5 16. Bb2 Qc8 17. Rac1 dxe3 18. Qf5 exf2+ 19. Kg2 Nb6 20. Qxc8 Raxc8 21. Ba6 Be3 22. Rxc8 Nxc8 23. Bc1 Bb6 24. Bd2 Rd8 25. Rc1 Rxd2 26. Rxc8+ Rd8 27. Rxd8+ Bxd8 28. Kxf2 Kf8 29. f5 Ke7 30. Kf3 h5 31. h3 Kd6 32. Ke4 Bb6 33. Bc4 Ke7 34. Be2 g6 35. Bc4 Bc7 36. Bd3 Kf8 37. Bc4 Kg7 38. Bd5 Be5 39. Bc4 Bc7 40. Bd5 g5 41. Kf3 Be5 42. Bc4 Kf8 43. Be2 Kg7 44. Bc4 Bb8 45. Bd5 a5 46. Bc4 Bc7 47. Bd5 g4+ 48. hxg4 h4 49. Kg2 1/2-1/2